 Dungeon Crawl Stone Soup version 0.25-a0-975-gcae8493d64 (webtiles) character file.

Game seed: 16523499162138813682, levelgen mode: deterministic

197009 tilp the Sharpshooter (level 19, -4/124 HPs)
             Began as a Kobold Arcane Marksman on May 8, 2020.
             Was the Champion of Okawaru.
             Slain by an anaconda (14 damage)
             ... on level 4 of the Snake Pit on May 9, 2020.
             The game lasted 02:33:50 (50375 turns).

tilp the Sharpshooter (Kobold Arcane Marksman)     Turns: 50375, Time: 02:33:50

Health: -4/124     AC: 14    Str: 14    XL:     19   Next: 56%
Magic:  0/28       EV: 23    Int: 18    God:    Okawaru [******]
Gold:   439        SH:  0    Dex: 16    Spells: 11/30 levels left

rFire    . . .     SeeInvis .   a - +7 arbalest (flame)
rCold    + + .     Gourm    .   (shield currently unavailable)
rNeg     + + .     Faith    .   J - +0 troll leather armour
rPois    .         Spirit   +   I - +2 hat of the Bear Spirit {Spirit, +Rage rN+ MR++}
rElec    .         Reflect  .   e - +2 cloak
rCorr    +         Harm     .   T - +2 pair of gloves {Str+3}
MR       ++++.                  Q - +1 pair of boots
Stlth    +++.......             i - amulet "Musalij" {rC++ rN+ Regen+ Stlth+}
HPRegen  1.10/turn              K - ring of resist corrosion
MPRegen  0.21/turn              V - ring of protection from magic

@: lethally poisoned (-4 -> -4), constricted
A: small, carnivore
a: Heroism, Finesse, Renounce Religion, Evoke Berserk Rage


You were on level 4 of the Snake Pit.
You worshipped Okawaru.
Okawaru was exalted by your worship.
You were not hungry.

You visited 6 branches of the dungeon, and saw 31 of its levels.
You also visited: Ossuary and Ice Cave.

You collected 3366 gold pieces.
You spent 2927 gold pieces at shops.

Inventory:

Hand Weapons
 a - a +7 arbalest of flaming (weapon)
 b - the +8 morningstar "Owewnui" {vorpal, rN+ Str+3}
   (Okawaru gifted it to you on level 2 of the Shoals)

   It inflicts extra damage upon your enemies.
   It affects your strength (+3).
   It protects you from negative energy.
 E - a +2 vampiric broad axe
 X - the +10 triple crossbow of Himecwy {elec, rN+}
   (Okawaru gifted it to you on level 4 of the Snake Pit)

   It charges the ammunition it shoots with electricity; occasionally upon a
   hit, such missiles may discharge and cause terrible harm.
   It protects you from negative energy.
Missiles
 d - 138 bolts (quivered)
 y - 6 throwing nets {!f}
 P - 6 curare-tipped darts
Armour
 e - a +2 cloak (worn)
 r - a +0 buckler
 I - the +2 hat of the Bear Spirit (worn) {Spirit, +Rage rN+ MR++}
   (You bought it in a shop on level 2 of the Orcish Mines)

   It protects you from negative energy.
   It affects your resistance to hostile enchantments.
   It lets you go berserk.
 J - a +0 troll leather armour (worn)
 Q - a +1 pair of boots (worn)
 T - a +2 pair of gloves of strength (worn)
Jewellery
 i - the amulet "Musalij" (around neck) {rC++ rN+ Regen+ Stlth+}
   (You acquired it on level 10 of the Dungeon)

   [amulet of regeneration]

   It greatly protects you from cold.
   It protects you from negative energy.
   It increases your rate of regeneration.
   It makes you more stealthy.
 z - an uncursed ring of fire
 A - an uncursed ring of ice
 F - an uncursed ring of flight
 K - a ring of resist corrosion (left hand)
 V - a ring of protection from magic (right hand)
 Y - an uncursed ring of positive energy
Wands
 g - a wand of digging (10)
 l - a wand of paralysis (30)
 v - a wand of polymorph (53)
 C - a wand of acid (20)
 D - a wand of iceblast (8)
 N - a wand of flame (76)
 S - a wand of disintegration (10)
Scrolls
 f - 16 scrolls of remove curse
 j - 6 scrolls of amnesia
 m - 2 scrolls of summoning
 t - 6 scrolls of magic mapping
 u - 2 scrolls of blinking
 w - a scroll of vulnerability
 G - a scroll of fog
 H - 4 scrolls of identify
 M - 4 scrolls of teleportation
 U - 5 scrolls of fear
Potions
 k - 6 potions of mutation
 n - 5 potions of curing
 p - 2 potions of flight
 q - 3 potions of haste
 s - 2 potions of might
 x - a potion of heal wounds
 B - a potion of cancellation
 L - 2 potions of ambrosia
 W - 2 potions of resistance
Miscellaneous
 o - a phial of floods
 R - a phantom mirror
Comestibles
 c - 57 rations


   Skills:
 - Level 15.0 Fighting
 - Level 8.8(10.0) Axes
 - Level 8.0(10.0) Maces & Flails
 + Level 19.4 Crossbows
 - Level 15.0 Dodging
 - Level 4.0 Stealth
 - Level 4.0 Shields
 - Level 6.0 Spellcasting
 - Level 10.0 Hexes
 - Level 12.0 Invocations
 - Level 8.0 Evocations


You had 11 spell levels left.
You knew the following spells:

 Your Spells              Type           Power        Failure   Level  Hunger
a - Corona                Hex            #####..      1%          1    None
b - Slow                  Hex            #####...     1%          2    None
c - Ensorcelled Hibernat  Hex/Ice        ###...       3%          2    None
d - Tukima's Dance        Hex            #####...     1%          3    ##.....
e - Confusing Touch       Hex            #####...     1%          3    ##.....
f - Apportation           Tloc           #.....       16%         1    None
g - Cause Fear            Hex            #####.....   2%          4    ####...
h - Portal Projectile     Hex/Tloc       ###...       6%          3    ##.....

Your spell library contained the following spells:

 Spells                   Type           Power        Failure   Level  Hunger
 Dazzling Flash           Conj/Hex       ###...       6%          3    ##.....
 Inner Flame              Hex/Fire       ###.....     6%          3    ##.....
 Spectral Weapon          Hex/Chrm       ###.....     6%          3    ##.....
 Animate Skeleton         Necr           N/A          16%         1    None
 Freeze                   Ice            #...         16%         1    None
 Infusion                 Chrm           #...         16%         1    None
 Sandblast                Erth           #.....       16%         1    None
 Summon Butterflies       Summ           #.......     16%         1    None
 Summon Small Mammal      Summ           #...         16%         1    None
 Leda's Liquefaction      Hex/Erth       ###.......   19%         4    ####...
 Corpse Rot               Necr/Air       N/A          22%         2    None
 Passwall                 Tmut/Erth      #.......     22%         2    None
 Poisonous Vapours        Pois/Air       #.....       22%         2    None
 Shroud of Golubria       Chrm/Tloc      #.....       22%         2    None
 Song of Slaying          Chrm           #.......     22%         2    None
 Sublimation of Blood     Necr           #.........   22%         2    None
 Swiftness                Chrm/Air       #.......     22%         2    None
 Invisibility             Hex            #####...     36%         6    #######
 Conjure Flame            Conj/Fire      #.......     41%         3    ##.....
 Frozen Ramparts          Ice            #.....       41%         3    ##.....
 Gell's Gravitas          Tloc           #.........   41%         3    ##.....
 Lesser Beckoning         Tloc           #.........   41%         3    ##.....
 Mephitic Cloud           Conj/Pois/Air  #.......     41%         3    ##.....
 Ozocubu's Armour         Chrm/Ice       #.......     41%         3    ##.....
 Stone Arrow              Conj/Erth      #.....       41%         3    ##.....
 Metabolic Englaciation   Hex/Ice        ###.......   47%         5    #####..
 Silence                  Hex/Air        ###.......   47%         5    #####..
 Yara's Violent Unravell  Hex/Tmut       ###.......   47%         5    #####..
 Dispel Undead            Necr           #.......     83%         4    ####...
 Hailstorm                Conj/Ice       #.......     83%         4    ####...
 Petrify                  Tmut/Erth      #.......     83%         4    ####...
 Summon Ice Beast         Ice/Summ       #.......     83%         4    ####...
 Summon Lightning Spire   Summ/Air       #.......     83%         4    ####...
 Agony                    Necr           #.......     99%         5    #####..
 Alistair's Intoxication  Tmut/Pois      #.......     99%         5    #####..
 Excruciating Wounds      Chrm/Necr      #.........   99%         5    #####..
 Iskenderun's Battlesphe  Conj/Chrm      #.......     99%         5    #####..
 Lee's Rapid Deconstruct  Erth           #.........   99%         5    #####..
 Conjure Ball Lightning   Conj/Air       #.........   100%        6    #######
 Freezing Cloud           Conj/Ice/Air   #.........   100%        6    #######
 Ring of Flames           Chrm/Fire      #.........   100%        7    #######
 Tornado                  Air            #.........   100%        9    #######


Dungeon Overview and Level Annotations

Branches:
Dungeon (15/15)            Temple (1/1) D:7            Lair (6/6) D:9
 Shoals (3/4) Lair:3        Snake (4/4) Lair:3        Slime (0/5) Lair:6
    Orc (2/2) D:12            Elf (0/3) Orc:2        Vaults (0/5) D:14
 Depths (0/5) D:15        Ossuary (visited)           IceCv (visited)

Altars:
Ashenzari
Dithmenos
Fedhas
Gozag
Hepliaklqana
Kikubaaqudgha
Makhleb
Nemelex Xobeh
Okawaru
Ru
Sif Muna
Trog
Vehumet
Wu Jian
Xom
Zin
Beogh
Jiyva

Shops:
D:15 [   Orc:1 }!   Orc:2 :*[}   Shoals:2 *   Snake:1 }=}

Annotations:
D:14 3 runed translucent doors, Agnes; Iqohoc's ghost, journeyman VSBe
Shoals:3 exclusion: door, Mara
Snake:1 exclusion: black mamba, Aizul


Innate Abilities, Weirdness & Mutations

You are small and have problems with some larger weapons.
You are carnivorous and can eat meat at any time.


Message History

The anaconda constricts you.
Firing (i - inventory. (/) - cycle)
d - 140 bolts (quivered)
Press: ? - help, Shift-Dir - straight line, f/p - anaconda
Aim: an anaconda (almost dead, constricting you)
You shoot a bolt.
The bolt hits the anaconda but does no damage.
The anaconda is almost dead.
The anaconda bites you.
* * * LOW HITPOINT WARNING * * *
x2 The anaconda constricts you.
Unknown command.
Firing (i - inventory. (/) - cycle)
d - 139 bolts (quivered)
Press: ? - help, Shift-Dir - straight line, f/p - anaconda
Aim: an anaconda (almost dead, constricting you)
You shoot a bolt. The bolt hits the anaconda.
The bolt burns the anaconda.
The anaconda is almost dead.
The anaconda bites you!
* * * LOW HITPOINT WARNING * * *
x2 The anaconda constricts you.
The anaconda bites you!
You die...

#.§≈§≈§≈≈≈≈≈(## #####
#..§§§≈§≈≈≈§§..###...##
.'.≈≈§§§§≈≈§§≈≈.##....(##
.'.§§≈≈≈§≈≈≈§≈≈.#.......#
.'.§≈≈§≈≈≈§≈§≈§.S.S.....#
≈≈≈§≈≈≈≈≈≈.#.......#
≈≈≈≈§≈≈≈(.##S....####### ###
≈≈≈≈≈≈≈.##S#...##)(.#.# ..#
≈≈§≈§..#@.'#####'#)..#### ..##
≈§§§..##)..#≈≈≈..#)...##. (..##
.§§..##...##≈§≈..#[..[... #.).###
...###...##§§≈..##...####
##.)).######)...##≈.≈(.##...##...
§##..))..).)...##≈≈≈§.##..[.'....
§§##....[.....##§§§..##...).#....
≈≈≈###).....###≈≈§§.##......##...
..§§≈########§§§..[##........#...


You could see an anaconda and a guardian serpent.

Vanquished Creatures
  Bai Suzhen (Shoals:3)
  Vashnia (Snake:3)
  Polyphemus (Shoals:2)
  Ilsuiw (Shoals:2)
  A frost giant (Shoals:3)
  7 nagarajas (Snake:4)
  3 stone giants
  Azrael (Snake:1)
  2 vampire knights (D:13)
  Snorg (D:13)
  3 merfolk impalers
  2 merfolk javelineers (Shoals:2)
  A yaktaur captain (D:15)
  An ogre mage (D:14)
  Josephine (D:11)
  17 naga warriors
  7 hydras
  2 satyrs
  9 anacondas
  4 catoblepae
  5 centaur warriors
  2 dancing weapons (D:14)
  A death knight (D:13)
  6 two-headed ogres
  9 death yaks
  2 merfolk aquamancers
  2 tengu warriors (D:14)
  4 shock serpents
  5 orc high priests
  Urug (D:12)
  18 naga sharpshooters
  Sonja (Lair:6)
  3 salamander mystics (Snake:4)
  5 skeletal warriors
  An unseen horror (D:15)
  6 sea snakes
  2 naga ritualists
  4 lindwurms (Snake:4)
  7 ugly things
  2 orc knights (Orc:2)
  2 phantasmal warriors (D:13)
  4 harpies (Shoals:2)
  5 orc sorcerers
  3 deep elf magi
  7 cyclopes
  3 mana vipers
  3 oklob plants
  7 manticores
  9 fauns
  10 elephants (Lair:4)
  7 merfolk sirens
  31 black mambas
  6 salamanders
  7 guardian serpents
  4 water nymphs
  27 naga magi
  2 gargoyles
  7 spiny frogs
  3 ice statues (IceCv)
  5 centaur skeletons
  Maggie (Lair:2)
  3 komodo dragons
  3 rime drakes
  2 freezing wraiths
  7 trolls
  3 meliai (D:13)
  12 merfolk
  A wolf spider simulacrum (D:15)
  4 polar bears
  A harpy skeleton (D:12)
  5 wind drakes
  10 blink frogs
  5 tyrant leeches (D:13)
  5 slime creatures
  2 hornets
  11 dream sheep
  9 hippogriffs
  3 snapping turtles
  2 centaur simulacra
  47 yaks
  2 shadows
  8 wraiths
  4 vampires
  11 water elementals
  3 fire elementals (Snake:1)
  2 basilisks
  3 hogs (D:12)
  2 hungry ghosts
  49 nagas
  2 soldier ants (D:14)
  2 wargs
  12 water moccasins
  5 porcupines
  2 hell hounds (Snake:1)
  30 orc warriors
  10 ogres
  2 black bears
  9 ice beasts
  5 sky beasts
  A slave (D:4)
  3 phantoms
  12 centaurs
  5 wolves (Lair:3)
  10 crocodiles
  4 big kobolds
  29 bullfrogs
  4 scorpions
  A hornet simulacrum (D:15)
  12 killer bees
  4 wights (D:11)
  2 electric eels
  2 howler monkeys
  7 crimson imps
  5 centaur zombies
  A wyvern simulacrum (D:15)
  4 bullfrog zombies
  3 hounds
  3 quasits
  3 bullfrog skeletons
  6 jellies
  A gnoll shaman (D:6)
  22 orc priests
  5 iguanas
  23 orc wizards
  13 worker ants
  2 killer bee zombies
  2 big kobold zombies (Ossuary)
  4 mummies (Ossuary)
  A worker ant zombie (D:7)
  11 gnolls
  10 adders
  4 shadow imps
  3 white imps (D:15)
  3 oozes
  An adder zombie (D:8)
  2 worms
  3 dart slugs (D:1)
  5 leopard geckos
  85 orcs
  2 ball pythons
  6 bats
  8 giant cockroaches
  14 goblins
  9 hobgoblins
  11 jackals
  7 quokkas
  4 frilled lizards
  2 hobgoblin zombies (Ossuary)
  15 kobolds
  A quokka zombie (D:6)
  3 rats
  2 rat zombies (D:5)
  A fungus (Lair:4)
  4 plants
1013 creatures vanquished.

Vanquished Creatures (collateral kills)
  A merfolk impaler (Shoals:2)
  A two-headed ogre (D:10)
  2 orc knights (Orc:2)
  A salamander (Snake:4)
  A merfolk siren (Shoals:2)
  A wind drake (Shoals:2)
  A naga (Snake:3)
  2 orc warriors
  2 ogres
  Blork the orc (D:5)
  A big kobold (D:10)
  A kobold (D:10)
15 creatures vanquished.

Vanquished Creatures (others)
  Kirke (D:12)
  Pikel (D:4)
  A dream sheep (Shoals:2)
  12 dancing weapons
  A wyvern skeleton (D:4)
  3 orc wizards
  An adder skeleton (D:4)
  2 orcs (D:4)
  21 fungi
  25 plants
68 creatures vanquished.

Grand Total: 1096 creatures vanquished

Notes
Turn   | Place    | Note
-------+----------+-------------------------------------------
     0 | D:1      | tilp the Kobold Arcane Marksman began the quest for the
                  | Orb.
     0 | D:1      | Reached XP level 1. HP: 12/12 MP: 2/2
   333 | D:1      | Reached XP level 2. HP: 17/17 MP: 0/3
   337 | D:1      | Learned a level 2 spell: Slow
   980 | D:1      | Reached XP level 3. HP: 23/23 MP: 2/4
  1891 | D:2      | Reached XP level 4. HP: 29/29 MP: 1/5
  3116 | D:3      | Reached XP level 5. HP: 25/33 MP: 3/8
  4182 | D:3      | Learned a level 2 spell: Ensorcelled Hibernation
  4186 | D:3      | Learned a level 3 spell: Tukima's Dance
  4225 | D:4      | Reached XP level 6. HP: 38/38 MP: 9/9
  4345 | D:4      | Noticed a slave
  4345 | D:4      | Noticed a slave
  4433 | D:4      | Noticed an ogre
  4468 | D:3      | Killed an ogre
  4468 | D:3      | Reached skill level 5 in Hexes
  4873 | D:4      | Reached XP level 7. HP: 17/43 MP: 10/10
  4885 | D:4      | Reached skill level 1 in Shields
  5305 | D:4      | Killed Pikel
  6168 | D:4      | Noticed Ijyb
  6203 | D:4      | Noticed Ijyb
  6203 | D:4      | Ijyb changed into Ijyb the worm
  6268 | D:4      | Killed Ijyb the worm
  6826 | D:5      | Entered Level 5 of the Dungeon
  6848 | D:5      | Found a sand-covered staircase.
  6869 | Ossuary  | Entered an ossuary
  6947 | Ossuary  | HP: 1/43 [mummy (14)]
  7228 | D:5      | Reached skill level 3 in Crossbows
  7228 | D:5      | Reached XP level 8. HP: 48/48 MP: 8/11
  7795 | D:5      | Reached skill level 4 in Crossbows
  7906 | D:5      | Reached skill level 5 in Crossbows
  8181 | D:5      | Noticed Blork the orc
  8201 | D:5      | Killed Blork the orc
  8325 | D:5      | Reached skill level 6 in Crossbows
  8449 | D:6      | Reached skill level 1 in Stealth
  8652 | D:6      | Learned a level 3 spell: Confusing Touch
  8945 | D:6      | Reached XP level 9. HP: 51/52 MP: 6/12
  9186 | D:6      | Reached skill level 5 in Fighting
  9693 | D:7      | Reached skill level 5 in Dodging
  9947 | D:7      | Found a staircase to the Ecumenical Temple.
 10120 | Temple   | Entered the Ecumenical Temple
 10123 | Temple   | Became a worshipper of Warmaster Okawaru
 10142 | D:7      | You fall into a shaft and drop 2 floors!
 10252 | D:9      | Reached skill level 1 in Invocations
 10810 | D:7      | Noticed a troll
 10835 | D:7      | Noticed a two-headed ogre
 11189 | D:8      | Reached skill level 5 in Invocations
 11574 | D:7      | Reached XP level 10. HP: 60/60 MP: 11/14
 11708 | D:8      | Reached * piety under Okawaru
 12039 | D:8      | Reached ** piety under Okawaru
 12223 | D:8      | Noticed a three-headed hydra
 12363 | D:8      | Found a hazy altar of Hepliaklqana.
 12721 | D:9      | Reached skill level 7 in Crossbows
 12883 | D:9      | Reached skill level 8 in Crossbows
 13470 | D:9      | Reached skill level 9 in Crossbows
 13658 | D:9      | Learned a level 1 spell: Apportation
 13663 | D:9      | Learned a level 4 spell: Cause Fear
 13843 | D:9      | Reached XP level 11. HP: 64/64 MP: 15/17
 14357 | D:9      | Reached *** piety under Okawaru
 14649 | D:9      | Found a staircase to the Lair.
 14932 | D:9      | Reached skill level 10 in Crossbows
 15419 | D:10     | Entered Level 10 of the Dungeon
 16161 | D:10     | Noticed a two-headed ogre
 16176 | D:10     | Reached **** piety under Okawaru
 16720 | D:10     | Killed a two-headed ogre
 16849 | D:10     | Identified a scroll of acquirement
 16849 | D:10     | Identified the amulet "Musalij" {rC++ rN+ Regen+ Stlth+}
                  | (You acquired it on level 10 of the Dungeon)
 17457 | D:11     | Noticed a cyclops
 17523 | Lair:1   | Entered Level 1 of the Lair of Beasts
 17570 | Lair:1   | Received a gift from Okawaru
 17659 | Lair:1   | You fall into a shaft and drop 1 floor!
 17742 | Lair:2   | Noticed Maggie
 17752 | Lair:2   | Killed Maggie
 17860 | Lair:1   | Reached XP level 12. HP: 67/76 MP: 18/18
 17895 | Lair:1   | Noticed a four-headed hydra
 18207 | Lair:1   | Reached ***** piety under Okawaru
 18207 | Lair:1   | Reached skill level 10 in Dodging
 18399 | Lair:1   | Killed a four-headed hydra
 18399 | Lair:1   | Received a gift from Okawaru
 18399 | Lair:1   | Reached skill level 10 in Fighting
 18399 | Lair:1   | Reached skill level 1 in Evocations
 19243 | Lair:2   | Noticed a seven-headed hydra
 19257 | Lair:2   | Killed a seven-headed hydra
 19723 | Lair:3   | Learned a level 3 spell: Portal Projectile
 19724 | Lair:3   | Found a staircase to the Shoals.
 20025 | Lair:3   | Found a staircase to the Snake Pit.
 20069 | Lair:3   | Reached skill level 5 in Evocations
 20172 | Lair:3   | Received a gift from Okawaru
 21173 | Lair:4   | Received a gift from Okawaru
 21179 | Lair:4   | Reached skill level 10 in Invocations
 21179 | Lair:4   | Reached XP level 13. HP: 49/82 MP: 13/20
 21453 | Lair:4   | Reached skill level 5 in Spellcasting
 21491 | Lair:4   | Found a blossoming altar of Fedhas.
 21594 | Lair:4   | Noticed an eight-headed hydra
 21643 | Lair:4   | Noticed a five-headed hydra
 21652 | Lair:4   | Killed a five-headed hydra
 21721 | Lair:4   | Killed an eight-headed hydra
 21932 | Lair:4   | Reached skill level 10 in Hexes
 22442 | Lair:5   | Found a frozen archway.
 22455 | Lair:5   | Noticed a five-headed hydra
 22464 | Lair:5   | Killed a five-headed hydra
 22477 | Lair:5   | Received a gift from Okawaru
 22478 | Lair:5   | Got a bloodstained crystal plate armour {god gift}
 22503 | Lair:5   | Identified the +0 crystal plate armour of Okawaru's Scorn
                  | {SInv} (Okawaru gifted it to you on level 5 of the Lair of
                  | Beasts)
 22517 | IceCv    | Entered an ice cave
 22913 | IceCv    | Got steaming ice dragon scales
 22938 | IceCv    | Identified the +7 ice dragon scales of a volcano {rF- rC++
                  | Str-2 Int+8 Slay-3 SInv} (You found it in an ice cave)
 23895 | Lair:6   | Entered Level 6 of the Lair of Beasts
 23970 | Lair:6   | Noticed Sonja
 23986 | Lair:6   | Killed Sonja
 24027 | Lair:6   | Found a staircase to the Slime Pits.
 24028 | Lair:6   | Found a viscous altar of Jiyva.
 24238 | Lair:6   | Noticed an eight-headed hydra
 24243 | Lair:6   | Killed an eight-headed hydra
 24454 | Lair:6   | Reached XP level 14. HP: 88/88 MP: 23/23
 25126 | Lair:5   | Received a gift from Okawaru
 25238 | Lair:6   | Received a gift from Okawaru
 25623 | Lair:6   | Received a gift from Okawaru
 26723 | D:11     | Noticed Josephine
 26728 | D:11     | Killed Josephine
 26751 | D:11     | Received a gift from Okawaru
 27789 | D:12     | Noticed Urug
 27817 | D:12     | Killed Urug
 27817 | D:12     | Received a gift from Okawaru
 27818 | D:12     | Got a slimy robe {god gift}
 27819 | D:12     | Identified the +0 robe "Dallerei" {Dex+4} (Okawaru gifted
                  | it to you on level 12 of the Dungeon)
 27870 | D:12     | Found a staircase to the Orcish Mines.
 27917 | D:12     | Reached XP level 15. HP: 97/97 MP: 21/24
 27935 | D:12     | Noticed Kirke
 28050 | D:12     | Found a roughly hewn altar of Beogh.
 28127 | Orc:1    | Entered Level 1 of the Orcish Mines
 28127 | Orc:1    | Noticed a stone giant
 28173 | D:12     | Killed a stone giant
 28456 | Orc:1    | Found a roughly hewn altar of Beogh.
 28509 | Orc:2    | Entered Level 2 of the Orcish Mines
 28845 | Orc:2    | Noticed a stone giant
 28854 | Orc:2    | Killed a stone giant
 28877 | Orc:2    | Found a staircase to the Elven Halls.
 29741 | Orc:1    | Found Ceetzosch's Gadget Shop.
 29856 | Orc:1    | Found Ryvveum's Distillery.
 30506 | Orc:2    | Reached skill level 1 in Maces & Flails
 30813 | Orc:2    | Paralysed by an orc sorcerer for 2 turns
 31265 | Orc:2    | Found Howney's Gadget Shop.
 31265 | Orc:2    | Found Obloder's Book Emporium.
 31268 | Orc:2    | Found Beirghi's Antique Armour Shop.
 31268 | Orc:2    | Found Qeilo's General Store.
 31279 | Orc:2    | Upgraded the game from 0.25-a0-949-gdd2af9e06e to
                  | 0.25-a0-975-gcae8493d64
 31282 | Orc:2    | Bought the +2 hat of the Bear Spirit {Spirit, +Rage rN+
                  | MR++} for 1290 gold pieces
 31282 | Orc:2    | Found the +2 hat of the Bear Spirit {Spirit, +Rage rN+
                  | MR++}
 31295 | Orc:2    | Bought a pair of embroidered gloves for 247 gold pieces
 31295 | Orc:2    | Bought a pair of runed gloves for 247 gold pieces
 31295 | Orc:2    | Bought a scale mail for 132 gold pieces
 31295 | Orc:2    | Bought a plate armour for 759 gold pieces
 31737 | D:12     | Killed Kirke
 32031 | D:13     | Received a gift from Okawaru
 32692 | D:13     | Found the +12 Vampire's Tooth {vamp}
 32840 | D:13     | Received a gift from Okawaru
 32857 | D:13     | Noticed Snorg
 32866 | D:13     | Killed Snorg
 32939 | D:13     | Received a gift from Okawaru
 33264 | D:13     | Reached XP level 16. HP: 106/106 MP: 25/25
 33430 | D:13     | Reached skill level 15 in Dodging
 33858 | D:14     | Found a gate to the Vaults.
 33921 | D:14     | Noticed a storm dragon
 33921 | D:14     | Noticed Iqohoc's ghost (journeyman VSBe)
 33933 | D:14     | Reached skill level 15 in Fighting
 33953 | D:14     | Noticed Agnes
 34126 | D:14     | Found a runed translucent gate.
 34127 | D:14     | Found a runed translucent gate.
 34133 | D:14     | Found a runed translucent gate.
 34185 | D:14     | Received a gift from Okawaru
 34285 | D:14     | Found a sparkling altar of Nemelex Xobeh.
 34324 | D:14     | Reached skill level 5 in Maces & Flails
 34941 | D:15     | Entered Level 15 of the Dungeon
 35997 | D:15     | Received a gift from Okawaru
 36020 | D:15     | Found a staircase to the Depths.
 36238 | D:15     | Found Vediff's Armour Emporium.
 36252 | D:15     | Bought a +1 pair of gloves of strength for 198 gold pieces
 36252 | D:15     | Bought a +0 pair of boots for 54 gold pieces
 36578 | Shoals:1 | Entered Level 1 of the Shoals
 37757 | Shoals:1 | Reached skill level 11 in Crossbows
 38327 | Shoals:2 | Received a gift from Okawaru
 38476 | Shoals:2 | Reached skill level 12 in Crossbows
 38536 | Shoals:2 | Reached XP level 17. HP: 101/113 MP: 20/26
 38879 | Shoals:2 | Reached skill level 13 in Crossbows
 39391 | Shoals:2 | Noticed Ilsuiw
 39423 | Shoals:2 | Killed Ilsuiw
 39424 | Shoals:2 | Reached ****** piety under Okawaru
 39424 | Shoals:2 | Received a gift from Okawaru
 39425 | Shoals:2 | Got a polished morningstar {god gift}
 39426 | Shoals:2 | Identified the +8 morningstar "Owewnui" {vorpal, rN+ Str+3}
                  | (Okawaru gifted it to you on level 2 of the Shoals)
 39484 | Shoals:2 | Found Fucuecs's General Store.
 39504 | Shoals:2 | Noticed Polyphemus
 39553 | Shoals:2 | Reached skill level 14 in Crossbows
 39567 | Shoals:2 | Killed Polyphemus
 40532 | Shoals:3 | Reached skill level 15 in Crossbows
 40820 | Shoals:3 | Identified the ring "Botaam" {*Corrode rN+++ MR- MP+9
                  | Dex+3}
 41059 | Shoals:3 | Noticed Bai Suzhen
 41090 | Shoals:3 | Killed Bai Suzhen
 41090 | Shoals:3 | Received a gift from Okawaru
 41121 | Shoals:3 | Noticed Mara
 41560 | Shoals:3 | Received a gift from Okawaru
 41560 | Shoals:3 | Reached skill level 16 in Crossbows
 41593 | Shoals:3 | Noticed a titan
 42056 | Snake:1  | Entered Level 1 of the Snake Pit
 42157 | Lair:3   | Received a gift from Okawaru
 42158 | Lair:3   | Found the +4 skin of Zhor {Englaciate rC+++ SInv}
 42769 | Snake:1  | Reached skill level 17 in Crossbows
 42769 | Snake:1  | Reached XP level 18. HP: 119/119 MP: 27/27
 42801 | Snake:1  | Noticed Aizul
 42971 | Snake:1  | Identified Neusiam's Incunabulum of Augmentations
 43155 | Snake:1  | Noticed Azrael
 43189 | Snake:1  | Killed Azrael
 43436 | Snake:1  | Found Ruzxapiu's Jewellery Shoppe.
 43438 | Snake:1  | Found Vuarar's Gadget Boutique.
 43438 | Snake:1  | Found Xusilax's Gadget Boutique.
 44132 | Snake:2  | Reached skill level 18 in Crossbows
 44644 | Snake:3  | Reached skill level 1 in Axes
 45129 | Snake:3  | Noticed Vashnia
 45471 | Snake:3  | Killed Vashnia
 45471 | Snake:3  | Reached skill level 5 in Axes
 45646 | Snake:3  | Received a gift from Okawaru
 46517 | Snake:4  | Entered Level 4 of the Snake Pit
 47410 | Snake:4  | Received a gift from Okawaru
 47411 | Snake:4  | Got an ancient triple crossbow {god gift}
 47412 | Snake:4  | Identified the +10 triple crossbow of Himecwy {elec, rN+}
                  | (Okawaru gifted it to you on level 4 of the Snake Pit)
 47955 | Snake:4  | Reached XP level 19. HP: 124/124 MP: 28/28
 48377 | Snake:4  | Received a gift from Okawaru
 49749 | Snake:4  | Reached skill level 19 in Crossbows
 50334 | Snake:4  | Received a gift from Okawaru
 50375 | Snake:4  | Slain by an anaconda

Illustrated notes

Levels and vault maps discovered:
D:1:      lightli_arrival_lavapool, layout_basic, minmay_misc_feat_iff
D:2:      layout_loops_ring
D:3:      layout_rooms
D:4:      kennysheep_goblin_castle, layout_rooms, minivault_1,
          lemuel_flame_loot_1, uniq_pikel
D:5:      layout_basic, first_ration, enter_ossuary_4, uniq_blork_the_orc
D:6:      layout_cave_pods
D:7:      minmay_opposing_rooms, layout_rooms, minmay_temple_entry_proselytizer
D:8:      layout_rooms, nicolae_overflow_hidden_temple, minmay_misc_feat_tiny,
          hangedman_ranch [blue_anna_fruit_fields]
D:9:      layout_basic, grunt_lair_entry_orc_guard_hut
D:10:     layout_loops_ring, minmay_bent
D:11:     layout_roguey, kennysheep_generic_room_6, uniq_josephine
D:12:     layout_loops_ring, minmay_orc_entry_temple_small, uniq_kirke,
          uniq_urug
D:13:     layout_basic, minmay_guarded_unrand_vampires_tooth, uniq_snorg
D:14:     layout_loops_ring, erik_vaults_1, gammafunk_ghost_split,
          minmay_fountain_box, basic_altar, hangedman_corner_corridor,
          uniq_agnes
D:15:     grunt_enter_depths_snipers, layout_cross, serial_ice, serial_ice_n,
          serial_ice_c, serial_ice_k, serial_ice_m, serial_shops, shop,
          serial_bayou_pond_c
Temple:   dpeg_three_leaves_temple
Lair:1:   layout_regular_city, serial_bayou_shore_b, serial_bayou_shore_a,
          grunt_megastairs_2
Lair:2:   layout_misc_corridors, grunt_megastairs_5, uniq_maggie
Lair:3:   layout_roguey, shoals_dummy_entry,
          minmay_snake_entry_guardpost_medium, chequers_serial_rivers_micro_a
Lair:4:   layout_roguey, tgw_fedhas
Lair:5:   wander_river, layout_cave_pods, portal_ice_cave_entry_pillars_1,
          nicolae_quartered_pool_medium
Lair:6:   evilmike_catoblepas_cave, layout_layer_cave, slime_altar_1,
          infiniplex_staircase_pool_2, uniq_sonja
Shoals:1: layout_shoals
Shoals:2: layout_shoals, nicolae_shoals_c_island, uniq_ilsuiw, uniq_polyphemus
Shoals:3: cheibrodos_shoals_gigantism, layout_shoals, uniq_bai_suzhen, uniq_mara
Snake:1:  layout_onion_interference, minmay_shop_grove, uniq_aizul, uniq_azrael
Snake:2:  layout_concentric_octagons
Snake:3:  layout_cave_pods, drop_trap, uniq_vashnia
Snake:4:  snake_pit_salamanders_mu, layout_cave_town
Orc:1:    layout_caves, serial_shops, shop, shop, kennysheep_orc_chapel
Orc:2:    grunt_orc_tribal_feast, layout_caves

Skill      XL: |  1  2  3  4  5  6  7  8  9 10 11 12 13 14 15 16 17 18 19 |
---------------+----------------------------------------------------------+-----
Fighting       | 2 3 4 6 9 10 12 14 15 | 15.0
Spellcasting   | 2 4 6 |  6.0
Hexes          | 4 6 8 10 | 10.0
Shields        | 4 |  4.0
Crossbows      | 3 6 9 10 12 17 18 19 | 19.4
Stealth        | 3 4 |  4.0
Dodging        | 3 6 9 10 12 14 15 | 15.0
Invocations    | 6 10 11 12 | 12.0
Evocations     | 6 8 |  8.0
Maces & Flails | 4 8 |  8.0
Axes           | 8 |  8.8

Action                   |  1- 3 |  4- 6 |  7- 9 | 10-12 | 13-15 | 16-18 | 19-21 || total
-------------------------+-------+-------+-------+-------+-------+-------+-------++-------
Melee: Club              |    19 |       |       |       |       |       |       ||    19
       Dagger            |    26 |       |       |       |       |       |       ||    26
       Short sword       |     3 |    49 |       |       |       |       |       ||    52
       Whip              |       |   101 |   267 |       |       |       |       ||   368
       Flail             |       |       |   149 |   681 |   473 |       |       ||  1303
       War axe           |       |       |       |       |    28 |       |       ||    28
       Morningstar       |       |       |       |       |   423 |   405 |       ||   828
       Quick blade       |       |       |       |       |    43 |     8 |       ||    51
       Punch             |       |       |       |       |       |     1 |       ||     1
       Arbalest          |       |       |       |       |       |       |     3 ||     3
 Fire: Hand crossbow     |    46 |    43 |   149 |   410 |   891 |  1005 |       ||  2544
       Arbalest          |       |       |       |       |       |   385 |   254 ||   639
Throw: Dart              |       |     5 |     4 |     4 |    10 |       |       ||    23
       Boomerang         |       |       |       |     1 |       |       |       ||     1
 Cast: Corona            |    37 |    21 |    31 |    54 |    13 |    16 |     1 ||   173
       Slow              |     9 |    15 |    21 |    64 |    12 |     1 |       ||   122
       Ensorcelled Hiber |       |     3 |     2 |     2 |       |       |       ||     7
       Tukima's Dance    |       |       |     7 |    20 |     8 |    26 |     3 ||    64
       Apportation       |       |       |       |    11 |    31 |    14 |       ||    56
       Cause Fear        |       |       |       |     1 |       |     2 |       ||     3
       Portal Projectile |       |       |       |       |     2 |       |       ||     2
Invok: Heroism           |       |       |       |    10 |    23 |    14 |       ||    47
       Finesse           |       |       |       |     1 |     5 |     3 |       ||     9
 Abil: Evoke Flight      |       |       |       |       |     2 |       |       ||     2
Evoke: Wand              |       |       |     6 |     5 |     5 |       |       ||    16
  Use: Scroll            |     1 |     4 |    14 |    14 |    11 |    15 |     1 ||    60
       Potion            |       |     2 |     9 |     5 |     1 |     3 |       ||    20
 Stab: Sleeping          |       |     1 |       |     3 |     3 |     1 |       ||     8
       Distracted        |       |       |       |     1 |       |       |       ||     1
  Eat: Chunk             |    14 |    11 |    32 |    43 |    41 |    41 |     9 ||   191
Armor: Robe              |    12 |    13 |       |       |       |       |       ||    25
       Leather armour    |       |    25 |   150 |    95 |       |       |       ||   270
       Skin              |       |       |    28 |       |       |       |       ||    28
       Troll leather arm |       |       |       |   161 |   320 |   167 |    13 ||   661
Dodge: Dodged            |    54 |   163 |   415 |   813 |  1550 |  1065 |   121 ||  4181
Block: Buckler           |       |       |   106 |   279 |   492 |   194 |       ||  1071

Table legend:
 A = Non-vault XP
 B = Vault XP
 C = Vault XP percentage of total XP
 D = Non-vault monster count
 E = Vault monster count
 F = Vault count percentage of total count
                 A         B        C        D         E       F
            +---------+---------+-------+---------+---------+-------
      Total |  183416 |  121608 |  39.9 |     760 |     264 |  25.8
            +---------+---------+-------+---------+---------+-------
        D:1 |      37 |       0 |   0.0 |      17 |       0 |   0.0
        D:2 |      88 |       0 |   0.0 |      28 |       0 |   0.0
        D:3 |     307 |       0 |   0.0 |      21 |       0 |   0.0
        D:4 |     351 |      26 |   6.9 |      13 |      12 |  48.0
        D:5 |     469 |      96 |  17.0 |      14 |       3 |  17.6
        D:6 |     760 |       0 |   0.0 |      16 |       0 |   0.0
        D:7 |     867 |    1365 |  61.2 |      20 |       8 |  28.6
        D:8 |    1037 |    2181 |  67.8 |      13 |       8 |  38.1
        D:9 |    2243 |     594 |  20.9 |      27 |       5 |  15.6
       D:10 |    2269 |     996 |  30.5 |      25 |       6 |  19.4
       D:11 |    3433 |    2475 |  41.9 |      27 |       7 |  20.6
       D:12 |    5382 |    3616 |  40.2 |      47 |      13 |  21.7
       D:13 |   11088 |    5300 |  32.3 |      44 |       9 |  17.0
       D:14 |    8716 |    4861 |  35.8 |      30 |      10 |  25.0
       D:15 |    8249 |    3789 |  31.5 |      17 |      14 |  45.2
     Lair:1 |    4290 |      93 |   2.1 |      17 |       1 |   5.6
     Lair:2 |    2615 |     677 |  20.6 |       9 |       2 |  18.2
     Lair:3 |    7915 |     809 |   9.3 |      31 |       5 |  13.9
     Lair:4 |   11061 |     512 |   4.4 |      29 |       1 |   3.3
     Lair:5 |    3833 |     868 |  18.5 |      16 |       1 |   5.9
     Lair:6 |    6811 |   12276 |  64.3 |      26 |      23 |  46.9
   Shoals:1 |    9693 |       0 |   0.0 |      22 |       0 |   0.0
   Shoals:2 |   20784 |    8804 |  29.8 |      47 |       8 |  14.5
   Shoals:3 |    6360 |    9054 |  58.7 |      14 |       4 |  22.2
    Snake:1 |   15927 |    2127 |  11.8 |      37 |       6 |  14.0
    Snake:2 |    7064 |       0 |   0.0 |      13 |       0 |   0.0
    Snake:3 |   20051 |    8036 |  28.6 |      41 |       5 |  10.9
    Snake:4 |   13878 |   40909 |  74.7 |      27 |      55 |  67.1
      Orc:1 |    1627 |    1784 |  52.3 |      22 |       8 |  26.7
      Orc:2 |    6211 |    7027 |  53.1 |      50 |      30 |  37.5
    Ossuary |       0 |     173 | 100.0 |       0 |       9 | 100.0
      IceCv |       0 |    3160 | 100.0 |       0 |      11 | 100.0
            +---------+---------+-------+---------+---------+-------
